 Dungeon Crawl Stone Soup version 0.31.0-32-g396128a36d (webtiles) character file.

Game seed: 1978584778678358446

93 Arcadio the Apothecary (level 4, -4/30 HPs)
             Began as a Vampire Alchemist on Apr 8, 2024.
             Killed from afar by a kobold (12 damage)
             ... with a bolt of light
             ... on level 3 of the Dungeon.
             The game lasted 00:05:10 (2520 turns).

Arcadio the Apothecary (Vampire Alchemist)          Turns: 2520, Time: 00:05:10

Health: -4/30      AC:  4    Str:  7    XL:     4   Next: 36%
Magic:  6/8        EV: 13    Int: 19    God:
Gold:   116        SH:  0    Dex: 16    Spells: 6/9 levels left

rFire   . . .        j - +1 morningstar (protect)
rCold   . . .        (no shield)
rNeg    . . .        a - +0 robe
rPois   +            (no helmet)
rElec   .            (no cloak)
rCorr   .            p - +0 pair of gloves "Vacsanid" {rPois Dex+2}
SInv    +            o - +0 pair of boots
Will    .....        (no amulet)
Stlth   +            c - ring of flight
HPRegen 0.45/turn    (no ring)
MPRegen 0.11/turn

%: no passive effects
@: confused, flying, very slightly contaminated, healing quickly
A: alive, fangs 3, see invisible, vampiric 2
a: Exsanguinate


You were on level 3 of the Dungeon.
You visited 1 branch of the dungeon, and saw 3 of its levels.

You collected 116 gold pieces.

Inventory:

Hand Weapons
 h - a +0 dagger
 j - a +1 morningstar of protection (weapon)
Armour
 a - a +0 robe (worn)
 o - a +0 pair of boots (worn)
 p - the +0 pair of gloves "Vacsanid" (worn) {rPois Dex+2}
   (You found it on level 3 of the Dungeon)

   Dex+2:     It affects your dexterity (+2).
   rPois:     It protects you from poison
Jewellery
 c - a ring of flight (left hand)
Scrolls
 d - a scroll of vulnerability
 e - a scroll of identify {unknown}
 f - a scroll of enchant weapon {unknown}
 g - a scroll of blinking {unknown}
 i - a scroll of teleportation
 l - a scroll of acquirement {unknown}
Potions
 b - a potion of magic
 k - a potion of curing {unknown}
 m - a potion of haste {unknown}
 n - a potion of mutation {unknown}


   Skills:
 + Level 3.4 Dodging
 - Level 3.0 Stealth
 + Level 3.0 Spellcasting
 - Level 0.6 Conjurations
 + Level 4.2 Alchemy


You had 6 spell levels left.
You knew the following spells:

 Your Spells              Type           Power      Damage    Failure   Level
a - Sting                 Conj/Alch      48%        1d6       5%          1
b - Mercury Vapours       Alch/Air       20%        N/A       10%         2

Your spell library contained the following spells:

 Spells                   Type           Power      Damage    Failure   Level
 Mephitic Cloud           Conj/Alch/Air  9%         N/A       24%         3
 Olgreb's Toxic Radiance  Alch           19%        N/A       26%         4
 Sticky Flame             Fire/Alch      10%        2d5       54%         4


Dungeon Overview and Level Annotations

Branches:
Dungeon (3/15)

Altars:
Ashenzari

Shops:
D:3 =*[

Annotations:
D:3 1 transporter, Nogual's ghost, amateur DsSh


Innate Abilities, Weirdness & Mutations

Your natural rate of healing is accelerated.
You have razor-sharp teeth.
You have supernaturally acute eyesight. (SInv)
You are afflicted with vampirism and can become a bat while bloodless.


Message History

Things that are here:
a +0 dagger; a +0 ring mail
There is a shaft here.
A kobold comes into view.
It is wielding a +0 club and quivering poisoned darts.
An endoplasm comes into view.
A kobold comes into view.
It is wielding a +0 long sword and carrying a wand of light.
The helpless kobold fails to defend itself.
You hit the kobold.
Your weapon exudes an aura of protection.
Your bite misses the kobold.
The kobold is heavily wounded.
The endoplasm quivers.
The kobold hits you but does no damage. The kobold barely misses you.
You closely miss the kobold. Your bite misses the kobold.
The kobold is moderately wounded.
The kobold barely misses you.
The kobold zaps a wand.
The bolt of light hits the kobold!
The kobold dies!
The bolt of light hits you!!
Ouch! That really hurt!
The kobold zaps a wand.
The bolt of light hits you.
* * * LOW HITPOINT WARNING * * *
Casting: Sting (safe; 5% risk of failure)
Confirm with . or Enter, or press ? or * to list all spells.
Aiming: Mercury Vapours (safe; 10% risk of failure)
Press: ? - help, Dir - move target, f - endoplasm
Aim: an endoplasm (chance to weaken: 100%)
You miscast Mercury Vapours.
You are very lightly contaminated with residual magic.
Nothing appears to happen.
The endoplasm hits you but does no damage.
The kobold zaps a wand.
The bolt of light hits the endoplasm.
The endoplasm dies!
The bolt of light misses you.
Casting: Mercury Vapours (safe; 10% risk of failure)
Confirm with . or Enter, or press ? or * to list all spells.
You can't see any susceptible monsters within range! (Use Z to cast anyway.)
The kobold zaps a wand.
The bolt of light hits you!
You are confused.
You die...

#...........#
#...........#
#...........#
#...........#
#....K......#
#...>.......%
#............
#...........#
####@#.......
#.#.......
#.#..#####
######.#..#...
##.........#W..
#...##.##..#..#
#.P..#.....# #..#
#..P.#.##..#. ...
.....#
##.♣♣♣..#..©#....
.$..)#


You could see a kobold.

Vanquished Creatures
  3 gnolls
  3 adders (D:2)
  2 dart slugs
  2 endoplasms (D:3)
  4 giant cockroaches (D:2)
  2 hobgoblins
  3 kobolds
  A ball python (D:3)
  2 bats
  7 frilled lizards
  3 goblins
  5 rats
37 creatures vanquished.

Vanquished Creatures (others)
  An endoplasm (D:3)
  A kobold (D:3)
2 creatures vanquished.

Grand Total: 39 creatures vanquished

Notes
Turn   | Place    | Note
-------+----------+-------------------------------------------
     0 | D:1      | Arcadio the Vampire Alchemist began the quest for the Orb.
     0 | D:1      | Reached XP level 1. HP: 13/13 MP: 3/3
   971 | D:1      | Reached XP level 2. HP: 6/19 MP: 0/5
  1207 | D:2      | Gained mutation: You are afflicted with vampirism and can
                  | become a bat while bloodless. [Vampire growth]
  1207 | D:2      | Reached XP level 3. HP: 21/24 MP: 3/6
  1210 | D:2      | Learned a level 2 spell: Mercury Vapours
  1318 | D:2      | Reached skill level 4 in Alchemy
  1586 | D:2      | Reached XP level 4. HP: 21/30 MP: 8/8
  1877 | D:3      | Found Saucw's Assorted Antiques.
  1986 | D:3      | Found a broken altar of Ashenzari.
  2006 | D:3      | Found Jutoez's Jewellery Shoppe.
  2046 | D:3      | Found Haoq Rua's Antique Armour Shoppe.
  2225 | D:3      | Identified the +0 pair of gloves "Vacsanid" {rPois Dex+2}
  2471 | D:3      | Found a transporter.
  2503 | D:3      | Noticed Nogual's ghost (amateur DsSh)
  2520 | D:3      | Killed from afar by a kobold

Illustrated notes

Levels and vault maps discovered:
D:1:      scummos_arrival_star, layout_basic
D:2:      layout_rooms, roderic_lattice_a, kennysheep_generic_room_4
D:3:      layout_basic, mainiacjoe_overflow_alcove_1, zin_academy, serial_shops,
          nicolae_shop_rolling_square, shop, shop, gammafunk_ghost_mausoleum,
          serial_forest, infiniplex_forest_lined_2, infiniplex_forest_3_way,
          infiniplex_forest_clump_double, infiniplex_forest_straight_2,
          infiniplex_forest_lined_room_2, infiniplex_forest_straight_4,
          infiniplex_forest_clump_large, infiniplex_forest_clump_double,
          infiniplex_forest_corner_1, infiniplex_forest_clump_long,
          nrook_mini_vaults, moated_statue, minivault_27

Skill      XL: |  1  2  3  4 |
---------------+-------------+-----
Dodging        | 3 |  3.4
Alchemy        | 4 |  4.2
Spellcasting   | 3 |  3.0
Stealth        | |  3.0
Conjurations   | |  0.6

Action                     |  1- 3 |  4- 6 || total
---------------------------+-------+-------++-------
  Melee: Unarmed           |     6 |       ||     6
         Morningstar       |    46 |    20 ||    66
         Bite              |     3 |       ||     3
         Punch             |       |     1 ||     1
   Cast: Sting             |    16 |     8 ||    24
         Mercury Vapours   |     2 |       ||     2
    Use: Scroll            |       |     2 ||     2
   Stab: Sleeping          |     4 |     3 ||     7
 Armour: Robe              |    28 |    19 ||    47
  Dodge: Dodged            |    38 |     8 ||    46
